cohdb
Replays
Latest Replays
All Replays
Popular Replays
Top Player Replays
Match Explorer
How It Works
Community
CoH3 Stats
Reddit
Sign in to upload your games and track your stats! →
Sign in with Steam
Match 42788990
Unlisted
Match 42788990
Overview
Messages
Build Orders
End
Royal Engineer Section
Construct Section Command Post
Dingo Light Scout Car
Infantry Section
Infantry Section
Grenade Package
Selects Canadian Shock Battlegroup
Selects Incendiary Munitions
Construct Field Infirmary
Construct Platoon Command Post
Selects Attacking Spirit
Selects Canadian Shock Section
Canadian Shock Section
Humber Armored Car
Canadian Shock Section
Infantry Training
Construct Company Command Post
Selects Pyrotechnics
Crusader II Medium Tank
Crusader II Medium Tank
Selects Churchill Crocodile Heavy Tank
Infantry Section
Churchill Crocodile Heavy Tank
Canadian Shock Section
Selects Smoke Operation
Selects Smoke Operation
Smoke Operation
Crusader II Medium Tank
Smoke Operation
Crusader II Medium Tank
Crusader II Medium Tank
Smoke Operation
Crusader II Medium Tank
Royal Engineer Section
Armored Vehicle Training
Smoke Operation
Royal Engineer Section
Infantry Section
Royal Engineer Section
Unlock M3 Grant Medium Tanks
Smoke Operation
M3 Grant Medium Tank
Smoke Operation
DeadPhoenix
Zleg
Aloof_Cardinal
xThomasx25
General Bayern
[BR] God Emperor of Mankind
0
0
Comments
sign in to comment!
No comments posted yet!